 Dungeon Crawl Stone Soup version 0.31-a0-700-gf13585253f (webtiles) character file.

Game seed: 4167508508015039675

118 qw the Shooter (level 5, -8/32 HPs)
             Began as a Gargoyle Hunter on Sept 7, 2023.
             Was an Initiate of Okawaru.
             Mangled by a gnoll
             ... wielding a +0 halberd
             ... led by a gnoll bouda
              (9 damage)
             ... on level 4 of the Dungeon.
             The game lasted 00:00:48 (2363 turns).

qw the Shooter (Gargoyle Hunter)                    Turns: 2363, Time: 00:00:49

Health: -8/32      AC: 12    Str: 14    XL:     5   Next: 2%
Magic:  5/5        EV: 10    Int: 10    God:    Okawaru [......]
Gold:   176        SH:  0    Dex: 15    Spells: 4/4 levels left

rFire   + . .        c - +0 shortbow (heavy)
rCold   . . .        (shield currently unavailable)
rNeg    + . .        o - +0 ring mail
rPois   inf          a - +0 helmet
rElec   +            k - +1 cloak
rCorr   .            (no gloves)
SInv    .            (no boots)
Will    .....        (no amulet)
Stlth   +            f - ring of protection from fire
HPRegen 0.25/turn    (no ring)
MPRegen 0.09/turn

%: no passive effects
@: no status effects
A: sickness immunity, AC +4, negative energy resistance 1, electricity
resistance, torment resistance 1, petrification resistance
a: Renounce Religion


You were on level 4 of the Dungeon.
You worshipped Okawaru.
Okawaru was noncommittal.
You visited 2 branches of the dungeon, and saw 5 of its levels.

You collected 206 gold pieces.
You spent 30 gold pieces at shops.


Innate Abilities, Weirdness & Mutations

You are immune to sickness and miasma.
Your stone body is resilient. (AC +4)
You are immune to poison.
You resist negative energy. (rN+)
You are resistant to electric shocks. (rElec)
You are resistant to unholy torment.
You are immune to petrification.


   Skills:
 - Level 3.0 Fighting
 + Level 5.7 Ranged Weapons
 - Level 1.0 Armour
 - Level 1.5 Dodging
 - Level 1.1 Stealth


You had 4 spell levels left.
You didn't know any spells.
Your spell library was empty.

Inventory:

Hand Weapons
 c - a +0 heavy shortbow (weapon)
Armour
 a - a +0 helmet (worn)
 k - a +1 cloak (worn)
 o - a +0 ring mail (worn)
Jewellery
 f - a ring of protection from fire (left hand)
 h - a ring of ice
Scrolls
 i - a scroll of identify
Potions
 d - a potion of resistance
 e - a potion of haste
 g - a potion of heal wounds
 j - 2 potions of mutation
 n - a potion of might {unknown}

Dungeon Overview and Level Annotations

Branches:
Dungeon (4/15)             Temple (1/1) D:4

Altars:
Ashenzari
Cheibriados
Dithmenos
Elyvilon
Fedhas
Gozag
Kikubaaqudgha
Makhleb
Nemelex Xobeh
Okawaru
Ru
Sif Muna
Vehumet
Wu Jian
Xom
Yredelemnul
The Shining One

Shops:
D:2 =!


Message History

The gnoll hits you with a +0 whip.
The gnoll hits you from afar with a +0 halberd!
The gnoll barely misses you.
The gnoll bouda barks out a call to the hunt!
The gnolls pick up the pace!
The gnoll misses you. The gnoll closely misses you.
2360 |||
Found retreat position at 1,0 (gnoll; floor) with 0 blocking monsters and 3 monsters attacking at destination at distance 1
2360 ||| DRINKING 2 potions of heal wounds.
You feel much better. The gnoll completely misses you.
The gnoll bouda hits you but does no damage.
The gnoll hits you but does no damage.
The gnoll hits you from afar with a +0 halberd.
2361 |||
Found retreat position at 1,0 (gnoll; floor) with 0 blocking monsters and 3 monsters attacking at destination at distance 1 You shoot an arrow.
The arrow hits the gnoll but does no damage.
The gnoll is moderately wounded.
Your attacks no longer feel as feeble.
The gnoll closely misses you.
The gnoll bouda hits you but does no damage.
The gnoll hits you but does no damage. x2; The gnoll hits you with a +0 spear!
The gnoll bouda calls upon its god to heal the gnoll.
The gnoll's wounds heal themselves!
The gnoll barely misses you. The gnoll hits you but does no damage.
2362 |||
Found retreat position at 1,0 (gnoll; floor) with 0 blocking monsters and 3 monsters attacking at destination at distance 1 You shoot an arrow.
The arrow hits the gnoll bouda but does no damage.
The gnoll hits you with a +0 spear.
The gnoll bouda hits you but does no damage.
The gnoll barely misses you.
The gnoll hits you but does no damage. x2
The gnoll bouda closely misses you.
2363 |||
Found retreat position at 1,0 (gnoll; floor) with 0 blocking monsters and 3 monsters attacking at destination at distance 1 You shoot an arrow.
The arrow hits the gnoll bouda!
The gnoll bouda is severely wounded.
The gnoll hits you but does no damage. The gnoll barely misses you.
The gnoll hits you but does no damage.
The gnoll bouda hits you with a +0 club.
The gnoll hits you with a +0 whip!
The gnoll hits you from afar with a +0 halberd!
You die...

.....................#..~~.
!.####!.####...####.#.....
#................)#....(
.....#.....#..#..### #.....
#...##.....##....## #.....
#..##..#.#..##..... #...7_
#.##..##.##..##.##.. ......
#....##...##....# ## #.....
#.......>g@g....## ######
#....##.gg##....... .
#..##..##.##..##.### . #..
##..#.#..##.... #.
##.....##...... #
#..#.....#......
#.......)......
..........#.....
########..$......


You could see a gnoll bouda and 3 gnolls.

Vanquished Creatures
  An orc wizard (D:4)
  A gnoll (D:4)
  2 adders (D:3)
  A worm (D:3)
  A dart slug (D:1)
  4 orcs (D:4)
  5 endoplasms
  6 giant cockroaches
  6 goblins
  A hobgoblin (D:1)
  3 jackals (D:2)
  3 kobolds (D:2)
  2 quokkas
  3 ball pythons
  6 bats
  5 frilled lizards
  4 rats
54 creatures vanquished.

Notes
Turn   | Place    | Note
-------+----------+-------------------------------------------
     0 | D:1      | qw the Gargoyle Hunter began the quest for the Orb.
     0 | D:1      | Reached XP level 1. HP: 12/12 MP: 1/1
     0 | D:1      | 0 ||| qw: Version: 0.3-a-76-g4403597
     0 | D:1      | 0 ||| qw: Game counter: 670
     0 | D:1      | 0 ||| qw: Melee chars always use a shield: true
     0 | D:1      | 0 ||| qw: God list: Okawaru
     0 | D:1      | 0 ||| qw: Allow faded altars: false
     0 | D:1      | 0 ||| qw: Do Orc after clearing Dungeon:15 true
     0 | D:1      | 0 ||| qw: Do second Lair branch before Depths: true
     0 | D:1      | 0 ||| qw: Lair rune preference: random
     0 | D:1      | 0 ||| qw: Goals: Normal
     0 | D:1      | 0 ||| PLANNING D:1-11
   153 | D:1      | Found a faded altar of an unknown god.
   153 | D:1      | Noticed a smoke demon
   201 | D:1      | Reached XP level 2. HP: 17/17 MP: 2/2
   540 | D:1      | 540 ||| UPGRADING to +1 cloak.
   545 | D:1      | 545 ||| UPGRADING to +0 ring mail.
   555 | D:1      | 555 ||| DROPPING +0 leather armour.
   556 | D:1      | 556 ||| READING scroll labelled IMYGUR SIYL.
   557 | D:1      | 557 ||| READING scroll labelled BUHIOT OFUW.
   658 | D:1      | 658 ||| READING scroll labelled HEOCREA AR ISI.
   659 | D:1      | 659 ||| READING scroll labelled BIM PIZXALOON.
   660 | D:1      | 660 ||| READING scroll labelled RUNOIPHAESM.
   661 | D:1      | 661 ||| DRINKING 2 glowing blue potions.
   662 | D:1      | 662 ||| DRINKING 2 fuming white potions.
   663 | D:1      | 663 ||| DROPPING scroll of butterflies.
   771 | D:2      | Reached XP level 3. HP: 21/21 MP: 3/3
   771 | D:2      | Found Inyczoeh's Distillery.
   790 | D:2      | 790 ||| BUYING potion of curing (30 gold).
   790 | D:2      | Bought a potion of curing for 30 gold pieces
   790 | D:2      | 790 ||| SHOPLISTING potion of curing (30 gold, have 11).
   790 | D:2      | 790 ||| SHOPLISTING potion of heal wounds (50 gold, have
                  | 11).
   835 | D:2      | Reached skill level 1 in Armour
  1039 | D:2      | Found a burning altar of Makhleb.
  1175 | D:2      | Found Diaxoo's Jewellery Emporium.
  1184 | D:2      | Reached skill level 5 in Ranged Weapons
  1185 | D:2      | 1185 ||| SHOPLISTING +4 ring of slaying (780 gold, have
                  | 34).
  1185 | D:2      | 1185 ||| SHOPLISTING +6 ring of strength (360 gold, have
                  | 34).
  1185 | D:2      | 1185 ||| SHOPLISTING ring of fire (250 gold, have 34).
  1185 | D:2      | 1185 ||| SHOPLISTING ring of positive energy (200 gold,
                  | have 34).
  1185 | D:2      | 1185 ||| SHOPLISTING ring of see invisible (150 gold, have
                  | 34).
  1434 | D:2      | 1434 ||| UPGRADING to ring of protection from fire.
  1435 | D:2      | 1435 ||| READING scroll labelled PUESUXZ RYROEH.
  1436 | D:2      | 1436 ||| READING 3 scrolls labelled SORILA FEQEME.
  1437 | D:2      | 1437 ||| READING 2 scrolls of identify.
  1437 | D:2      | 1437 ||| IDENTIFYING green potion
  1535 | D:3      | Found a blossoming altar of Fedhas.
  1688 | D:3      | Reached skill level 3 in Fighting
  1688 | D:3      | Reached XP level 4. HP: 28/28 MP: 4/4
  1688 | D:3      | Found a shimmering blue altar of Sif Muna.
  2074 | D:3      | 2074 ||| UPGRADING to +0 helmet.
  2079 | D:3      | 2079 ||| DRINKING 2 purple potions.
  2080 | D:3      | 2080 ||| READING 2 scrolls of identify.
  2080 | D:3      | 2080 ||| IDENTIFYING metallic purple potion
  2081 | D:3      | 2081 ||| DROPPING potion of magic.
  2102 | D:4      | Found an ornate altar of the Wu Jian Council.
  2143 | D:4      | Found a sacrificial altar of Ru.
  2249 | D:4      | 2249 ||| DRINKING potion of curing.
  2249 | D:4      | 2249 ||| (to cure confusion)
  2277 | D:4      | Found a staircase to the Ecumenical Temple.
  2278 | D:4      | 2278 ||| PLANNING TEMPLE
  2278 | D:4      | 2278 ||| READING scroll labelled ZAMACL TAXT.
  2279 | D:4      | 2279 ||| READING 2 scrolls of identify.
  2279 | D:4      | 2279 ||| IDENTIFYING ruby potion
  2280 | D:4      | 2280 ||| DROPPING potion of invisibility.
  2289 | Temple   | Entered the Ecumenical Temple
  2290 | Temple   | 2290 ||| PLANNING OKAWARU WORSHIP
  2307 | Temple   | Became a worshipper of Warmaster Okawaru
  2308 | Temple   | 2308 ||| PLANNING D:1-11
  2345 | D:4      | 2345 ||| Stepping ~*~*~tactically~*~*~ (retreating).
  2346 | D:4      | 2346 ||| Stepping ~*~*~tactically~*~*~ (retreating).
  2347 | D:4      | 2347 ||| Stepping ~*~*~tactically~*~*~ (retreating).
  2348 | D:4      | 2348 ||| Stepping ~*~*~tactically~*~*~ (retreating).
  2349 | D:4      | 2349 ||| Stepping ~*~*~tactically~*~*~ (retreating).
  2350 | D:4      | 2350 ||| Stepping ~*~*~tactically~*~*~ (retreating).
  2351 | D:4      | 2351 ||| Stepping ~*~*~tactically~*~*~ (retreating).
  2352 | D:4      | 2352 ||| Stepping ~*~*~tactically~*~*~ (retreating).
  2355 | D:4      | Reached XP level 5. HP: 19/32 MP: 5/5
  2356 | D:4      | HP: 8/32 [gnoll/+0 spear[a gnoll bouda] (6)]
  2357 | D:4      | 2357 ||| DRINKING 3 potions of heal wounds.
  2358 | D:4      | 2358 ||| Stepping ~*~*~tactically~*~*~ (retreating).
  2359 | D:4      | HP: 2/32 [gnoll/+0 halberd[a gnoll bouda] (7)]
  2360 | D:4      | 2360 ||| DRINKING 2 potions of heal wounds.
  2363 | D:4      | Mangled by a gnoll

Levels and vault maps discovered:
D:1:      roderic_dead_forest, layout_rooms,
          dreamdust_ecumenical_altar_sealed_demon
D:2:      layout_basic, basic_altar, serial_shops,
          nicolae_shop_industrial_runoff, shop_coins
D:3:      layout_loops_ring, fedhas_ov_isle_minmay,
          mainiacjoe_overflow_alcove_1, corexii_hall_statues_l
D:4:      layout_rooms, old_standard_altar, nzn_wu_jian_contemplation,
          minmay_temple_entry_waves
Temple:   hellmonk_temple_forest_ring

Skill      XL: |  1  2  3 |
---------------+----------+-----
Armour         | 1 |  1.0
Ranged Weapons | 5 |  5.7
Fighting       | 3 |  3.0
Dodging        | |  1.5
Stealth        | |  1.1

Action                     |  1- 3 |  4- 6 || total
---------------------------+-------+-------++-------
   Fire: Shortbow          |   105 |    36 ||   141
    Use: Scroll            |     8 |     3 ||    11
         Potion            |     2 |     4 ||     6
 Armour: Leather armour    |     8 |       ||     8
         Ring mail         |    21 |    46 ||    67
  Dodge: Dodged            |    23 |    22 ||    45

Table legend:
 A = Non-vault XP
 B = Vault XP
 C = Vault XP percentage of total XP
 D = Non-vault monster count
 E = Vault monster count
 F = Vault count percentage of total count
                 A         B        C        D         E       F
            +---------+---------+-------+---------+---------+-------
      Total |     169 |       0 |   0.0 |      54 |       0 |   0.0
            +---------+---------+-------+---------+---------+-------
        D:1 |      27 |       0 |   0.0 |      16 |       0 |   0.0
        D:2 |      25 |       0 |   0.0 |      15 |       0 |   0.0
        D:3 |      45 |       0 |   0.0 |      12 |       0 |   0.0
        D:4 |      72 |       0 |   0.0 |      11 |       0 |   0.0
            +---------+---------+-------+---------+---------+-------
